General information
- name: BNet
- type: Ladder team game (AT/RT)
- host: Battle.net
- saver: Llathandas
map: MarketSquare
- players: 8
- length: 14:32
- speed: Fast
- version: 1.26 W3XP
- replay type: Public
» download(85 KB)
Players
team 1 (loser)
FUXSUHDUXS2 (
orange | 29 APM | 417 actions | 14:31)
1 Blademaster
1 Wind Walk
» actions
| Build / train | 22 | |
| Enter build submenu | 9 | |
| Enter hero's abilities submenu | 1 | |
| Right click | 237 | |
| Select / deselect | 129 | |
| Use ability | 19 | |
417 total
» units
» upgrades
» buildings
| Orc Burrow | 5 | |
| Altar of Storms | 1 | |
| Voodoo Lounge | 1 | |
| Barracks | 1 | |
| Stronghold | 1 | |
| War Mill | 1 | |
| Guard Tower | 1 | |
11 total
» build order
00:09 Orc Burrow
00:16 Altar of Storms
01:06 Voodoo Lounge
01:48 Barracks
02:08 Orc Burrow
02:35 Orc Burrow
03:46 Orc Burrow
05:04 Orc Burrow
06:04 Stronghold
06:10 War Mill
13:01 Guard Tower
» items
| Healing Salve | 1 | |
| Lesser Clarity Potion | 1 | |
2 total

»
th3BlackMumba (
yellow | 45 APM | 545 actions | 12:02)
2 Blood Mage
1 Flame Strike
1 Banish
» actions
| Build / train | 44 | |
| Enter build submenu | 18 | |
| Enter hero's abilities submenu | 2 | |
| Remove unit from queue | 2 | |
| Right click | 287 | |
| Select / deselect | 170 | |
| Use ability | 22 | |
545 total
» units
| Peasant | 19 | |
| Footman | 7 | |
| Rifleman | 4 | |
30 total
» upgrades
| Gunpowder | 1 | |
| Lumber Harvesting | 1 | |
| Swords | 1 | |
3 total
» buildings
| Altar of Kings | 1 | |
| Farm | 6 | |
| Barracks | 1 | |
| Lumber Mill | 1 | |
| Blacksmith | 1 | |
| Scout Tower | 7 | |
| Guard Tower | 5 | |
| Keep | 1 | |
| Arcane Vault | 1 | |
24 total
» build order
00:06 Altar of Kings
00:12 Farm
00:39 Barracks
01:14 Farm
02:05 Lumber Mill
02:52 Farm
03:01 Blacksmith
03:28 Farm
03:31 Scout Tower
04:48 Guard Tower
05:06 Keep
05:09 Scout Tower
06:07 Scout Tower
06:08 Guard Tower
06:52 Guard Tower
06:55 Scout Tower
07:15 Arcane Vault
07:24 Farm
07:27 Guard Tower
09:29 Farm
09:44 Scout Tower
10:58 Scout Tower
11:32 Guard Tower
11:35 Scout Tower
SmokeThis (
blue | 29 APM | 355 actions | 12:07)
2 Priestess of the Moon
1 Trueshot Aura
1 Searing Arrows
» actions
| Assign group hotkey | 11 | |
| Build / train | 35 | |
| Enter build submenu | 17 | |
| Enter hero's abilities submenu | 2 | |
| Right click | 116 | |
| Select / deselect | 155 | |
| Select group hotkey | 1 | |
| Use ability | 18 | |
355 total
» units
| Wisp | 11 | |
| Archer | 7 | |
| Hippogryph | 3 | |
| Chimaera | 4 | |
25 total
» upgrades
| Improved Bows | 1 | |
| Strength of the Wild | 1 | |
| Marksmanship | 1 | |
| Reinforced Hides | 1 | |
| Corrosive Breath | 1 | |
5 total
» buildings
| Altar of Elders | 1 | |
| Moon Well | 6 | |
| Ancient of War | 1 | |
| Tree of Ages | 1 | |
| Ancient of Wonders | 1 | |
| Tree of Eternity | 1 | |
| Ancient of Wind | 1 | |
| Hunter's Hall | 1 | |
| Chimaera Roost | 3 | |
16 total
» build order
00:20 Altar of Elders
00:39 Moon Well
00:48 Ancient of War
01:42 Moon Well
02:41 Tree of Ages
02:49 Moon Well
03:48 Ancient of Wonders
04:43 Moon Well
05:04 Tree of Eternity
05:10 Ancient of Wind
05:51 Hunter's Hall
07:12 Moon Well
07:38 Chimaera Roost
07:49 Chimaera Roost
07:52 Chimaera Roost
08:22 Moon Well

»
evilspitfire (
green | 25 APM | 351 actions | 13:55)
3 Warden
2 Fan of Knives
1 Shadow Strike
2 Priestess of the Moon
1 Searing Arrows
1 Trueshot Aura
» actions
| Build / train | 41 | |
| Enter build submenu | 13 | |
| Enter hero's abilities submenu | 5 | |
| Right click | 159 | |
| Select / deselect | 107 | |
| Use ability | 26 | |
351 total
» units
» upgrades
| Corrosive Breath | 1 | |
| Strength of the Wild | 1 | |
2 total
» buildings
| Moon Well | 6 | |
| Hunter's Hall | 1 | |
| Altar of Elders | 1 | |
| Ancient of War | 1 | |
| Tree of Ages | 1 | |
| Tree of Eternity | 1 | |
| Ancient of Wind | 1 | |
| Tree of Life | 1 | |
| Chimaera Roost | 2 | |
15 total
» build order
00:21 Moon Well
01:15 Moon Well
01:21 Hunter's Hall
01:39 Altar of Elders
02:01 Ancient of War
02:16 Moon Well
03:10 Tree of Ages
03:46 Moon Well
04:44 Moon Well
05:53 Tree of Eternity
06:11 Ancient of Wind
06:45 Moon Well
07:32 Tree of Life
08:21 Chimaera Roost
08:24 Chimaera Roost
team 2 (winner)

»
anal_leakage (
red | 32 APM | 462 actions | 14:31)
5 Blademaster
2 Wind Walk
3 Critical Strike
» actions
| Build / train | 90 | |
| Enter build submenu | 16 | |
| Enter hero's abilities submenu | 5 | |
| Give item / drop item | 1 | |
| Remove unit from queue | 2 | |
| Right click | 159 | |
| Select / deselect | 158 | |
| Use ability | 31 | |
462 total
» units
| Peon | 35 | |
| Grunt | 17 | |
| Shaman | 2 | |
| Tauren | 2 | |
| Raider | 1 | |
57 total
» upgrades
| Pillage | 1 | |
| Melee Weapons | 2 | |
| Armor | 2 | |
| Berserker Strength | 1 | |
| Shaman Training | 2 | |
| Pulverize | 1 | |
| Ensnare | 1 | |
10 total
» buildings
| Orc Burrow | 4 | |
| Altar of Storms | 1 | |
| Barracks | 2 | |
| War Mill | 1 | |
| Watch Tower | 2 | |
| Stronghold | 1 | |
| Voodoo Lounge | 1 | |
| Great Hall | 2 | |
| Fortress | 2 | |
| Spirit Lodge | 1 | |
| Beastiary | 1 | |
| Tauren Totem | 1 | |
19 total
» build order
00:39 Orc Burrow
00:42 Altar of Storms
01:04 Barracks
01:39 War Mill
02:02 Orc Burrow
02:26 Barracks
02:35 Orc Burrow
03:27 Watch Tower
04:23 Stronghold
04:27 Voodoo Lounge
05:42 Watch Tower
08:48 Great Hall
08:52 Fortress
09:29 Great Hall
10:31 Spirit Lodge
10:35 Beastiary
11:21 Tauren Totem
11:57 Orc Burrow
» items
| Scroll of Regeneration | 1 | |
| Lesser Clarity Potion | 2 | |
| Periapt of Vitality | 1 | |
| Healing Salve | 1 | |
| Scroll of Town Portal | 1 | |
6 total
pucca_garu (
purple | 49 APM | 714 actions | 14:31)
5 Paladin
3 Holy Light
2 Devotion Aura
» actions
| Assign group hotkey | 8 | |
| Basic commands | 132 | |
| Build / train | 82 | |
| ESC pressed | 3 | |
| Enter build submenu | 25 | |
| Enter hero's abilities submenu | 5 | |
| Give item / drop item | 4 | |
| Right click | 105 | |
| Select / deselect | 149 | |
| Select group hotkey | 127 | |
| Use ability | 74 | |
714 total
» units
| Peasant | 32 | |
| Footman | 6 | |
| Knight | 3 | |
| Priest | 2 | |
43 total
» upgrades
| Masonry | 3 | |
| Defend | 1 | |
| Lumber Harvesting | 2 | |
| Swords | 1 | |
| Plating | 1 | |
| Animal War Training | 1 | |
| Priest Training | 1 | |
| Magic Sentry | 1 | |
11 total
» buildings
| Altar of Kings | 1 | |
| Barracks | 2 | |
| Farm | 9 | |
| Scout Tower | 23 | |
| Arcane Tower | 3 | |
| Lumber Mill | 1 | |
| Keep | 3 | |
| Arcane Vault | 1 | |
| Town Hall | 1 | |
| Guard Tower | 5 | |
| Blacksmith | 1 | |
| Castle | 1 | |
| Arcane Sanctum | 2 | |
53 total
» build order
00:22 Altar of Kings
00:30 Barracks
00:35 Farm
00:41 Farm
02:05 Farm
02:30 Farm
03:01 Scout Tower
03:06 Scout Tower
03:50 Arcane Tower
03:53 Lumber Mill
03:57 Keep
03:57 Keep
05:06 Arcane Vault
05:41 Town Hall
05:43 Scout Tower
05:47 Scout Tower
05:49 Scout Tower
05:52 Scout Tower
06:24 Guard Tower
06:27 Arcane Tower
07:07 Blacksmith
07:43 Scout Tower
07:43 Scout Tower
07:44 Scout Tower
07:45 Scout Tower
08:43 Guard Tower
09:14 Arcane Tower
09:19 Barracks
09:50 Guard Tower
09:54 Farm
09:56 Farm
09:57 Farm
10:36 Castle
10:42 Arcane Sanctum
10:43 Arcane Sanctum
10:49 Scout Tower
10:50 Scout Tower
10:52 Scout Tower
10:54 Scout Tower
10:56 Scout Tower
10:57 Scout Tower
11:16 Farm
11:17 Farm
11:49 Scout Tower
11:51 Scout Tower
11:52 Scout Tower
11:53 Scout Tower
11:56 Scout Tower
11:57 Scout Tower
11:58 Scout Tower
12:39 Guard Tower
12:59 Guard Tower
» items
| Lesser Clarity Potion | 4 | |
| Potion of Mana | 1 | |
| Scroll of Town Portal | 2 | |
| Circlet of Nobility | 1 | |
| Dust of Appearance | 1 | |
| Orb of Lightning | 1 | |
10 total
Llathandas (
pink | 71 APM | 1026 actions | 14:32)
4 Blood Mage
2 Flame Strike
2 Siphon Mana
» actions
| Assign group hotkey | 27 | |
| Basic commands | 54 | |
| Build / train | 93 | |
| ESC pressed | 3 | |
| Enter build submenu | 28 | |
| Enter hero's abilities submenu | 4 | |
| Give item / drop item | 1 | |
| Right click | 326 | |
| Select / deselect | 216 | |
| Select group hotkey | 209 | |
| Use ability | 65 | |
1026 total
» units
| Peasant | 30 | |
| Footman | 11 | |
| Sorceress | 1 | |
| Dragonhawk Rider | 6 | |
| Gryphon Rider | 1 | |
49 total
» upgrades
| Masonry | 2 | |
| Swords | 3 | |
| Lumber Harvesting | 1 | |
| Armor | 2 | |
| Sorceress Training | 2 | |
| Magic Sentry | 1 | |
| Animal War Training | 1 | |
| Cloud | 1 | |
13 total
» buildings
| Altar of Kings | 1 | |
| Barracks | 1 | |
| Farm | 6 | |
| Town Hall | 1 | |
| Scout Tower | 9 | |
| Arcane Vault | 1 | |
| Arcane Tower | 1 | |
| Lumber Mill | 1 | |
| Keep | 1 | |
| Blacksmith | 1 | |
| Guard Tower | 4 | |
| Arcane Sanctum | 1 | |
| Castle | 1 | |
| Gryphon Aviary | 2 | |
31 total
» build order
00:03 Altar of Kings
00:07 Barracks
00:16 Farm
00:57 Farm
01:46 Farm
03:06 Farm
03:51 Town Hall
03:55 Scout Tower
04:09 Arcane Vault
05:10 Arcane Tower
05:26 Lumber Mill
05:59 Keep
06:06 Scout Tower
06:07 Scout Tower
06:12 Scout Tower
06:15 Scout Tower
06:17 Scout Tower
06:49 Blacksmith
07:13 Guard Tower
07:17 Scout Tower
07:18 Scout Tower
07:19 Scout Tower
08:14 Guard Tower
08:30 Arcane Sanctum
09:00 Castle
09:26 Gryphon Aviary
09:43 Gryphon Aviary
11:17 Farm
11:18 Farm
» items
| Scroll of Regeneration | 4 | |
| Mechanical Critter | 2 | |
| Boots of Speed | 1 | |
| Staff of Teleportation | 1 | |
| Potion of Invisibility | 3 | |
| Lesser Clarity Potion | 3 | |
| Potion of Lesser Invulnerability | 2 | |
| Scroll of Town Portal | 1 | |
| Potion of Healing | 1 | |
| Potion of Mana | 1 | |
19 total

»
420everyday (
teal | 59 APM | 857 actions | 14:31)
4 Blademaster
2 Wind Walk
2 Critical Strike
2 Shadow Hunter
1 Healing Wave
1 Hex
2 Tauren Chieftain
1 Endurance Aura
1 War Stomp
» actions
| Assign group hotkey | 14 | |
| Build / train | 52 | |
| Enter build submenu | 16 | |
| Enter hero's abilities submenu | 8 | |
| Give item / drop item | 1 | |
| Remove unit from queue | 1 | |
| Right click | 294 | |
| Select / deselect | 199 | |
| Select group hotkey | 202 | |
| Use ability | 70 | |
857 total
» units
| Peon | 8 | |
| Grunt | 3 | |
| Troll Batrider | 3 | |
| Raider | 5 | |
| Shaman | 4 | |
| Troll Witch Doctor | 3 | |
26 total
» upgrades
| Shaman Training | 2 | |
| Melee Weapons | 1 | |
| Witch Doctor Training | 2 | |
| Ensnare | 1 | |
| Pillage | 1 | |
| Armor | 1 | |
8 total
» buildings
| Altar of Storms | 1 | |
| Orc Burrow | 7 | |
| Voodoo Lounge | 1 | |
| Barracks | 1 | |
| Stronghold | 2 | |
| War Mill | 1 | |
| Fortress | 1 | |
| Spirit Lodge | 2 | |
| Beastiary | 1 | |
17 total
» build order
00:06 Altar of Storms
00:09 Orc Burrow
00:49 Voodoo Lounge
01:40 Barracks
01:49 Orc Burrow
02:44 Orc Burrow
04:00 Stronghold
04:13 Orc Burrow
04:54 Orc Burrow
05:15 War Mill
06:25 Fortress
07:03 Spirit Lodge
07:49 Beastiary
08:34 Spirit Lodge
09:02 Orc Burrow
13:08 Orc Burrow
» items
| Healing Salve | 1 | |
| Lesser Clarity Potion | 1 | |
| Scroll of Speed | 1 | |
3 total
Chat log
(00:07 / All) SmokeThis: gg red afk
(00:22 / All) Llathandas: maphack?
(00:30 / All) SmokeThis: no he was in last game
(00:34 / All) SmokeThis: did same thing
(00:37 / All) Llathandas: He isn't AFK.
(00:44 / All) Llathandas: Even if he was it wouldn't be over yet.
(00:52 / All) anal_leakage: sry bell rang on door
(00:55 / Allies) pucca_garu: pala
(01:03 / All) SmokeThis: fuck u red
(01:12 / Allies) anal_leakage: didnt now i qued
(01:20 / All) anal_leakage: Fuck u asshole
(01:25 / Allies) Llathandas: if you're going paladin you better hope they don't get a naga sea witch
(01:27 / All) evilspitfire: pussyfart
(01:30 / All) anal_leakage: 1 game cry baby
(01:32 / Allies) Llathandas: fork lightning and cold arrow tears it a new asshole
(01:54 / All) anal_leakage: like it madders they erase are shit anyways
(01:56 / All) SmokeThis: red was born at the top of the stairs
(02:02 / Allies) 420everyday: units?
(02:18 / Allies) anal_leakage: mele shamy
(02:25 / Allies) Llathandas: heavy air and early footies
(02:52 / All) anal_leakage: cry baby
(03:02 / All) SmokeThis: lol good one
(03:06 / All) evilspitfire: lol
(03:12 / Allies) Llathandas: go away
(03:20 / All) SmokeThis: took u a while to think of that
(06:08 / Allies) 420everyday: purp can i get them gloves?
(06:36 / Allies) 420everyday: wood?
(06:40 / Allies) 420everyday: units???
(06:46 / Allies) pucca_garu: melee
(08:47 / Allies) 420everyday: can i lhave them gloves of haste purp?
(08:49 / Allies) 420everyday: for bm
(08:51 / Allies) Llathandas: chippo
(09:49 / Allies) 420everyday: red
(09:56 / Allies) 420everyday: wood?
(11:58 / Allies) 420everyday: heal plz
(12:09 / All) Llathandas: haha
(12:10 / All) Llathandas: ragequit
(12:16 / All) evilspitfire: noob as shit team
(12:34 / All) Llathandas: you can all leave now.
(12:38 / All) Llathandas: I won this game with 1 hero.
(12:54 / All) evilspitfire: no u didnt fairy
(13:08 / All) Llathandas: I made everyone leave from harass
(13:10 / All) Llathandas: with 1 hero.
(13:10 / All) evilspitfire: oj didnt even try u moron
(13:12 / All) Llathandas: You lost to 1 hero.
(13:19 / All) Llathandas: There's no need to be upset.
(13:35 / All) evilspitfire: im not
(13:43 / All) Llathandas: Then why are you still here?
(13:50 / All) evilspitfire: i could care aless imm go find another game in a sec
(13:54 / All) Llathandas: Okay, bye